 Dungeon Crawl Stone Soup version 0.31.0-11-ge490571c62 (webtiles) character file.

Game seed: 14727960867505113569

102 retardedninja the Firebug (level 4, -4/26 HPs)
             Began as a Gargoyle Fire Elementalist on Feb 5, 2024.
             Killed by divine providence
             ... invoked by an orc priest
              (12 damage)
             ... on level 2 of the Dungeon.
             The game lasted 00:04:27 (2413 turns).

retardedninja the Firebug (GrFE)                    Turns: 2413, Time: 00:04:28

Health: -4/26      AC:  7    Str: 11    XL:     4   Next: 77%
Magic:  3/8        EV: 11    Int: 18    God:
Gold:   131        SH:  0    Dex: 10    Spells: 5/8 levels left

rFire   . . .        l - +0 rapier "Movveps" {pain, Will+}
rCold   . . .        (no shield)
rNeg    + . .        a - +0 robe
rPois   ∞            e - +0 helmet
rElec   +            i - +0 cloak
rCorr   .            (no gloves)
SInv    .            (no boots)
Will    +....        (no amulet)
Stlth   ++           (no ring)
HPRegen 0.24/turn    (no ring)
MPRegen 0.11/turn

%: no passive effects
@: very slightly contaminated
A: sickness immunity, AC +3, negative energy resistance 1, electricity
resistance, torment resistance 1, petrification resistance
a: no special abilities


You were on level 2 of the Dungeon.
You visited 1 branch of the dungeon, and saw 3 of its levels.

You collected 131 gold pieces.

Inventory:

Hand Weapons
 l - the +0 rapier "Movveps" (weapon) {pain, Will+}
   (You found it on level 2 of the Dungeon)

   Will+:     It increases your willpower.
Armour
 a - a +0 robe (worn)
 e - a +0 helmet (worn)
 i - a +0 cloak (worn)
Jewellery
 f - a ring of protection from cold
Scrolls
 d - a scroll of teleportation {unknown}
 h - 2 scrolls of poison {unknown}
 j - a scroll of summoning {unknown}
Potions
 g - 3 potions of heal wounds
 k - a potion of brilliance
 m - 3 potions of haste
 n - a potion of curing


   Skills:
 + Level 1.7 Fighting
 - Level 1.5 Dodging
 - Level 2.1 Stealth
 + Level 2.7 Spellcasting
 + Level 2.2 Conjurations
 + Level 4.0 Fire Magic


You had 5 spell levels left.
You knew the following spells:

 Your Spells              Type           Power      Damage    Failure   Level
a - Foxfire               Conj/Fire      52%        2x1d6     4%          1
b - Scorch                Fire           34%        2d6       4%          2

Your spell library contained the following spells:

 Spells                   Type           Power      Damage    Failure   Level
 Freeze                   Ice            8%         1d3       17%         1
 Inner Flame              Hex/Fire       9%         N/A       22%         3
 Volatile Blastmotes      Fire/Tloc      18%        2d11      22%         3
 Lesser Beckoning         Tloc           4%         N/A       26%         2
 Hailstorm                Conj/Ice       6%         3d5       32%         3
 Flame Wave               Conj/Fire      13%        2d6       41%         4
 Frozen Ramparts          Ice            4%         1d1       45%         3
 Gell's Gravitas          Tloc           2%         N/A       45%         3
 Teleport Other           Tloc           2%         N/A       45%         3


Dungeon Overview and Level Annotations

Branches:
Dungeon (3/15)

Altars:
Gozag


Innate Abilities, Weirdness & Mutations

You are immune to sickness and miasma.
Your stone body is resilient. (AC +3)
You are immune to poison.
You resist negative energy. (rN+)
You are resistant to electric shocks. (rElec)
You are resistant to unholy torment.
You are immune to petrification.


Message History

You don't have enough magic to cast this spell.
You hit the orc priest.
The orc priest is moderately wounded.
The orc priest misses you.
The orc wizard gestures at you while chanting.
The magic dart hits you.
You hit the orc priest but do no damage.
The orc priest is moderately wounded.
The orc priest barely misses you. The orc wizard misses you.
You hit the orc priest.
The orc priest is moderately wounded.
The orc priest misses you.
The orc wizard points at you and mumbles some strange words.
The puff of flame hits you but does no damage.
The orc priest misses you.
The orc wizard hits you but does no damage.
Magic courses through your body. The orc priest barely misses you.
The orc wizard hits you with a +0 dagger.
Casting: Scorch (safe; 4% risk of failure)
Confirm with . or Enter, or press ? or * to list all spells.
You miscast Scorch.
You are very lightly contaminated with residual magic.
Nothing appears to happen.
The orc priest hits you with a +0 falchion.
* * * LOW HITPOINT WARNING * * *
The orc wizard barely misses you.
Casting: Scorch (safe; 4% risk of failure)
Confirm with . or Enter, or press ? or * to list all spells.
Flames lash the orc wizard.
The orc wizard is moderately wounded.
The orc wizard's fire resistance burns away.
The orc priest hits you but does no damage.
The orc wizard closely misses you.
Casting: Scorch (safe; 4% risk of failure)
Confirm with . or Enter, or press ? or * to list all spells.
Flames lash the orc wizard.
The orc wizard is moderately wounded.
The orc priest mumbles some strange prayers to Beogh against you.
Beogh smites you!
You die...

## #. #. #. #. #. ###
##. #@#### #..
#oo..###### #..
#.........######..
#.##.##...........
#.##..............
#####....##.......(.#.
#............(......#.
#..........####..)###.
#..........# ###..##.


You could see an orc priest and an orc wizard (combustible).

Vanquished Creatures
  An orc priest (D:3)
  2 adders (D:2)
  A dart slug (D:1)
  A ribbon worm (D:2)
  2 orcs
  3 ball pythons
  3 endoplasms
  3 giant cockroaches (D:2)
  5 goblins
  A hobgoblin (D:2)
  2 jackals (D:1)
  4 quokkas
  6 bats
  2 frilled lizards (D:1)
  6 kobolds
  5 rats
47 creatures vanquished.

Vanquished Creatures (others)
  207 foxfires
207 creatures vanquished.

Grand Total: 254 creatures vanquished

Notes
Turn   | Place    | Note
-------+----------+-------------------------------------------
     0 | D:1      | retardedninja the Gargoyle Fire Elementalist began the
                  | quest for the Orb.
     0 | D:1      | Reached XP level 1. HP: 10/10 MP: 3/3
   343 | D:1      | Found a faded altar of an unknown god.
   378 | D:1      | Reached XP level 2. HP: 5/15 MP: 1/5
  1168 | D:1      | Reached XP level 3. HP: 20/20 MP: 4/6
  1520 | D:2      | Reached skill level 1 in Fighting
  1606 | D:2      | Found an opulent altar of Gozag.
  1660 | D:2      | Identified the +0 rapier "Movveps" {pain, Will+}
  1811 | D:2      | Reached XP level 4. HP: 25/25 MP: 3/7
  2400 | D:2      | Learned a level 2 spell: Scorch
  2405 | D:3      | Reached skill level 4 in Fire Magic
  2413 | D:2      | Killed from afar by an orc priest

Illustrated notes

Levels and vault maps discovered:
D:1:      psy_arrival_terrarium, layout_basic, chequers_ecumenical_altar_island,
          chequers_serial_rivers_small_b
D:2:      layout_basic, basic_altar, minmay_ruptured
D:3:      kennysheep_six_static_rooms, layout_basic, mrwooster_statue_mirror,
          dreamdust_princess_corridor

Skill      XL: |  1  2  3  4 |
---------------+-------------+-----
Fighting       | 1 |  1.7
Conjurations   | 2 |  2.2
Fire Magic     | 4 |  4.0
Dodging        | |  1.5
Stealth        | |  2.1
Spellcasting   | |  2.7

Action                     |  1- 3 |  4- 6 || total
---------------------------+-------+-------++-------
  Melee: Unarmed           |     3 |       ||     3
         Hand axe          |     4 |       ||     4
         Rapier            |       |     3 ||     3
   Cast: Foxfire           |    90 |    25 ||   115
         Scorch            |       |     5 ||     5
    Use: Scroll            |       |     4 ||     4
         Potion            |       |     1 ||     1
 Armour: Robe              |    18 |    16 ||    34
  Dodge: Dodged            |    24 |    12 ||    36
